 Dungeon Crawl Stone Soup version 0.18.1-5-g4a78601 (webtiles) character file.

6307 oplop the Transmogrifier (level 10, -6/81 HPs)
             Began as an Octopode Transmuter on May 10, 2016.
             Was a Follower of Cheibriados.
             Mangled by a komodo dragon (33 damage)
             ... on level 1 of the Lair of Beasts.
             The game lasted 00:33:43 (11686 turns).

oplop the Transmogrifier (Octopode Transmuter)     Turns: 11686, Time: 00:33:44

Health: -6/81      AC:  7    Str: 13    XL:     10   Next: 95%
Magic:  14/19      EV: 14    Int: 21    God:    Cheibriados [*.....]
Gold:   529        SH:  0    Dex: 16    Spells: 5 memorised, 6 levels left

rFire  x . .     SeeInvis +       - Unarmed
rCold  + + +     Gourm    .     (shield currently unavailable)
rNeg   . . .     Faith    .     (helmet currently unavailable)
rPois  +         Spirit   .     (no amulet)
rElec  .         Dismiss  .     (no ring)
rCorr  .         Reflect  .     i - ring of see invisible
SustAt .         Harm     .     (no ring)
MR     .....                    (no ring)
Stlth  ++........               (no ring)
                                (no ring)
                                (no ring)
                                (no ring)

@: ice-form, very slow, not resistant to hostile enchantments, unstealthy
A: almost no armour, amphibious, 8 rings, (constrict 8), (camouflage 0),
(gelatinous body 0)
a: End Transformation, Bend Time, Renounce Religion


You were on level 1 of the Lair of Beasts.
You worshipped Cheibriados.
Cheibriados was aware of your devotion.
You were not hungry.
You were a creature of crystalline ice.
You visited 3 branches of the dungeon, and saw 12 of its levels.
You also visited: Sewer and Ossuary.

You collected 604 gold pieces.
You spent 75 gold pieces at shops.

Inventory:

Hand Weapons
 z - the +6 scimitar of Flaming Death {sticky flame, rPois rF++ rC- MR+}
   (You found it on level 5 of the Dungeon)

   It has been specially enchanted to burn those struck by it, causing extra
   injury to most foes and up to half again as much damage against particularly
   susceptible opponents.
   Big, fiery blades are also staple armaments of hydra-hunters.
   It greatly protects you from fire.
   It makes you vulnerable to cold.
   It protects you from poison.
   It affects your resistance to hostile enchantments.
Missiles
 a - 101 arrows
Jewellery
 i - a ring of see invisible (right front paw)
 B - an uncursed amulet of dismissal
Wands
 u - a wand of acid (7/15)
 v - a wand of iceblast (5/15)
 w - a wand of lightning (6/15)
 I - a wand of confusion (9/48)
Scrolls
 b - a scroll of torment {unknown}
 f - 2 scrolls of teleportation
 m - a scroll of enchant armour
 r - 3 scrolls of immolation
 A - 7 scrolls of remove curse
 D - 3 scrolls of magic mapping
 E - a scroll of blinking
 G - 2 scrolls of amnesia
 H - a scroll of fear
Potions
 d - 3 potions of heal wounds
 e - 4 potions of lignification
 g - 14 potions of curing
 h - a potion of ambrosia {unknown}
 j - a potion of berserk rage
 n - 2 potions of flight
 o - 2 potions of magic
 p - 2 potions of might
 q - 5 potions of cancellation
 s - a potion of cure mutation
 t - a potion of haste {unknown}
 C - 2 potions of mutation {unknown}
Books
 k - a book of Battle

   Spells                             Type                      Level
   a - Infusion                       Charms                       1
   b - Shroud of Golubria             Charms/Translocation         2
   c - Song of Slaying                Charms                       2
   d - Spectral Weapon                Hexes/Charms                 3
   e - Regeneration                   Charms/Necromancy            3
Miscellaneous
 x - a phial of floods
Comestibles
 c - 10 bread rations
 F - 2 beef jerkies
 K - 5 chunks of flesh


   Skills:
 + Level 5.8 Fighting
 + Level 6.5 Dodging
 + Level 7.1 Unarmed Combat
 + Level 6.0 Spellcasting
 * Level 9.1 Transmutations
 - Level 4.1 Ice Magic
 * Level 3.6 Invocations


You had 6 spell levels left.
You knew the following spells:

 Your Spells              Type           Power        Failure   Level  Hunger
a - Beastly Appendage     Trmt           #####.       1%          1    None
b - Sticks to Snakes      Trmt           #####...     1%          2    None
c - Spider Form           Trmt/Pois      ####......   4%          3    ##.....
d - Ice Form              Ice/Trmt       ####....     8%          4    ####...
e - Blade Hands           Trmt           #####.....   8%          5    #####..


Dungeon Overview and Level Annotations

Branches:
Dungeon (10/15)            Temple (1/1) D:7            Lair (1/8) D:9
    Orc: D:9-12

Altars:
Ashenzari
Cheibriados
Dithmenos
Elyvilon
Fedhas
Gozag
Kikubaaqudgha
Makhleb
Nemelex Xobeh
Okawaru
Pakellas
Qazlal
Ru
Sif Muna
Trog
Vehumet
Xom
Yredelemnul
Zin
The Shining One

Shops:
D:4 *

Annotations:
D:10 Urug
Lair:1 no0bjke's ghost, journeyman GrBe


Innate Abilities, Weirdness & Mutations

You cannot wear most types of armour.
You are amphibious.
You can wear up to eight rings at the same time.
((You can use your tentacles to constrict eight enemies at once.))
((Your skin changes colour to match your surroundings (Stealth).))
((Your rubbery body absorbs attacks (AC +1).))


Message History

Confirm with . or Enter, or press ? or * to list all spells.
You create a snake!
You now have 103 arrows.
You punch the komodo dragon! You freeze the komodo dragon.
The komodo dragon is moderately wounded.
The komodo dragon hisses angrily.
The komodo dragon misses you.
Your adder bites the komodo dragon but does no damage.
Unknown command.
Casting: Sticks to Snakes
Confirm with . or Enter, or press ? or * to list all spells.
You create 2 snakes!
You now have 101 arrows.
Your adder bites the komodo dragon.
The komodo dragon closely misses you.
Unknown command.
You hit the komodo dragon. You freeze the komodo dragon.
The komodo dragon is moderately wounded.
Your adder barely misses the komodo dragon.
Your adder bites the komodo dragon but does no damage.
Your ball python barely misses the komodo dragon.
The komodo dragon bites you!!
You die...

## .## # ## ..#
.# ###.#.. .###
####.....#P....
.......S.....##
.......Yl.....#
......Sl.......
......S$.......
#............?#
##........(..##
######.###P##
### ##


You could see 2 komodo dragons, 2 friendly adders and a friendly ball python.

Vanquished Creatures
  Pikel (D:7)
  A griffon (D:9)
  A spiny frog (Lair:1)
  A troll (D:9)
  A spriggan (D:9)
  6 yaks
  A hungry ghost (D:9)
  A wraith (D:9)
  2 orc warriors
  An ice beast (D:7)
  A black bear (D:7)
  5 ogres
  A sky beast (D:8)
  5 centaurs
  4 big kobolds
  An elf zombie (Ossuary)
  4 giant frogs
  Blork the orc (D:5)
  2 scorpions
  A killer bee (D:8)
  4 wights (D:8)
  A crimson imp (D:9)
  A centaur zombie (D:6)
  A jelly (D:5)
  5 orc priests
  3 hounds
  3 orc wizards
  A centaur skeleton (D:4)
  2 iguanas
  A giant frog skeleton (D:9)
  Ijyb (D:2)
  2 worker ants
  2 big kobold zombies (Ossuary)
  5 mummies
  Robin (D:3)
  10 adders
  4 river rats
  A shadow imp (D:9)
  An adder skeleton (D:8)
  4 worms (D:3)
  2 dart slugs
  3 giant geckos
  34 orcs
  5 giant cockroaches
  22 goblins
  11 hobgoblins
  6 jackals
  2 quokkas
  7 bats
  A giant gecko skeleton (D:4)
  5 giant newts
  4 jackal zombies (Ossuary)
  21 kobolds
  A kobold zombie (Ossuary)
  10 rats
228 creatures vanquished.

Vanquished Creatures (collateral kills)
  2 yaks
  A slave (D:7)
  A black bear (D:9)
  An ogre (D:6)
  A giant frog (D:7)
  A scorpion (D:6)
  2 orc wizards
  A jelly (D:6)
  A howler monkey skeleton (D:6)
  4 orcs
  A goblin zombie (Ossuary)
  A hobgoblin zombie (Ossuary)
  A kobold (Sewer)
  A kobold zombie (Ossuary)
19 creatures vanquished.

Vanquished Creatures (others)
  A hobgoblin zombie (Ossuary)
1 creature vanquished.

Grand Total: 248 creatures vanquished

Notes
Turn   | Place    | Note
--------------------------------------------------------------
     0 | D:1      | oplop the Octopode Transmuter began the quest for the Orb.
     0 | D:1      | Reached XP level 1. HP: 13/13 MP: 3/3
   111 | D:1      | Found a shattered altar of Ashenzari.
   228 | D:1      | Reached XP level 2. HP: 11/18 MP: 3/5
   778 | D:1      | Reached XP level 3. HP: 14/23 MP: 4/6
  1054 | D:1      | Learned a level 2 spell: Sticks to Snakes
  1058 | D:1      | Learned a level 3 spell: Spider Form
  1114 | D:1      | Noticed an orc warrior
  1248 | D:2      | Noticed Ijyb
  1257 | D:2      | Killed Ijyb
  1257 | D:2      | Reached skill level 3 in Transmutations
  1257 | D:2      | Reached XP level 4. HP: 21/28 MP: 0/7
  2055 | D:3      | Reached XP level 5. HP: 26/34 MP: 4/8
  2123 | D:3      | Found a glowing drain.
  2175 | Sewer    | Entered a sewer
  2362 | Sewer    | Noticed a big kobold
  2389 | Sewer    | Killed a big kobold
  2495 | Sewer    | Found a glowing silver altar of Zin.
  2566 | D:3      | Reached XP level 6. HP: 39/39 MP: 6/10
  2665 | D:3      | Found an oddly glowing altar of Pakellas.
  2667 | D:3      | Noticed Robin
  2739 | D:3      | Killed Robin
  2739 | D:3      | Reached skill level 4 in Transmutations
  3274 | D:3      | Found an ancient bone altar of Kikubaaqudgha.
  3382 | D:4      | Learned a level 4 spell: Ice Form
  3469 | D:4      | Reached skill level 1 in Ice Magic
  3503 | D:4      | Found a sand-covered staircase.
  3688 | Ossuary  | Entered an ossuary
  3911 | Ossuary  | Reached XP level 7. HP: 34/45 MP: 8/11
  4423 | D:4      | Found a white marble altar of Elyvilon.
  4462 | D:4      | You fall through a shaft for 2 floors!
  4525 | D:6      | Found a glowing silver altar of Zin.
  4534 | D:5      | Entered Level 5 of the Dungeon
  4541 | D:5      | Noticed Blork the orc
  4740 | D:5      | Found a bloodstained altar of Trog.
  4812 | D:5      | Found an opulent altar of Gozag.
  5563 | D:5      | Killed Blork the orc
  5614 | D:4      | Found Fuewiev's Assorted Antiques.
  5634 | D:4      | Reached skill level 5 in Transmutations
  5648 | D:4      | Bought a potion of curing for 75 gold pieces
  6014 | D:4      | Found a sacrificial altar of Ru.
  6015 | D:4      | Found a stormy altar of Qazlal.
  6150 | D:4      | Reached XP level 8. HP: 25/51 MP: 13/13
  6833 | D:6      | Found a deep blue altar of Sif Muna.
  7421 | D:7      | Reached skill level 5 in Unarmed Combat
  7421 | D:7      | Reached skill level 6 in Transmutations
  8169 | D:7      | Reached XP level 9. HP: 42/58 MP: 12/15
  8315 | D:7      | Noticed Pikel
  8335 | D:7      | Killed Pikel
  8381 | D:7      | Found a staircase to the Ecumenical Temple.
  8397 | Temple   | Entered the Ecumenical Temple
  8509 | D:7      | Reached skill level 7 in Transmutations
  8637 | D:8      | Reached skill level 5 in Dodging
  8929 | D:8      | Found a glowing golden altar of the Shining One.
  9048 | D:8      | Reached skill level 5 in Spellcasting
  9120 | D:8      | Found a shimmering altar of Xom.
  9211 | D:8      | Reached skill level 8 in Transmutations
  9211 | D:8      | Reached XP level 10. HP: 36/65 MP: 13/17
  9262 | D:8      | Found a burning altar of Makhleb.
  9276 | D:8      | Reached skill level 5 in Fighting
 10070 | D:9      | Found a snail-covered altar of Cheibriados.
 10292 | D:9      | Learned a level 5 spell: Blade Hands
 10296 | D:9      | Became a worshipper of Cheibriados the Contemplative
 10382 | D:9      | Reached skill level 1 in Invocations
 10530 | D:9      | Found a staircase to the Lair.
 10718 | D:9      | Noticed a griffon
 10735 | D:9      | Killed a griffon
 11049 | D:9      | Got a steaming arbalest
 11050 | D:9      | Identified the +6 arbalest of Karma {penet, rC+ Str+3} (You found it on level 9 of the Dungeon)
 11207 | D:9      | Reached * piety under Cheibriados
 11413 | D:10     | Entered Level 10 of the Dungeon
 11422 | D:10     | Noticed Urug
 11471 | D:9      | Reached skill level 9 in Transmutations
 11550 | D:10     | Noticed a hill giant
 11599 | Lair:1   | Entered Level 1 of the Lair of Beasts
 11660 | Lair:1   | Noticed a spiny frog
 11671 | Lair:1   | Killed a spiny frog
 11678 | Lair:1   | Noticed no0bjke's ghost (journeyman GrBe)
 11686 | Lair:1   | Mangled by a komodo dragon

Skill      XL: |  1  2  3  4  5  6  7  8  9 10 |
---------------+-------------------------------+-----
Transmutations | 3 4 5 6 8 9 |  9.1
Fighting       | 2 3 4 5 |  5.8
Dodging        | 3 4 5 6 |  6.5
Spellcasting   | 3 4 5 6 |  6.0
Ice Magic      | 1 3 4 |  4.1
Unarmed Combat | 4 5 6 7 |  7.1
Invocations    | 3 |  3.6

Action                   |  1- 3 |  4- 6 |  7- 9 | 10-12 || total
-------------------------+-------+-------+-------+-------++-------
Melee: Unarmed           |    69 |   195 |   194 |   138 ||   596
       Constrict         |    14 |    27 |    18 |     9 ||    68
       Tentacles         |     8 |    17 |    11 |     6 ||    42
       Kick              |     9 |    21 |     3 |     1 ||    34
       Punch             |     1 |       |     4 |     2 ||     7
       Scimitar          |       |       |    54 |    20 ||    74
 Cast: Beastly Appendage |    11 |     8 |     2 |     1 ||    22
       Spider Form       |     1 |    16 |    28 |    11 ||    56
       Sticks to Snakes  |     1 |    10 |    29 |    11 ||    51
       Ice Form          |       |       |     1 |     7 ||     8
 Abil: End Transformatio |       |       |       |     1 ||     1
Evoke: Phial of floods   |       |       |     1 |       ||     1
       Wand              |       |       |       |     3 ||     3
  Use: Scroll            |       |     9 |     7 |    13 ||    29
       Potion            |       |     1 |       |     1 ||     2
 Stab: Sleeping          |     3 |     4 |     3 |     1 ||    11
       Distracted        |     1 |       |       |       ||     1
  Eat: Chunk             |     1 |    10 |     5 |     4 ||    20
       Fruit             |       |     1 |     2 |       ||     3
       Meat ration       |       |     1 |       |     2 ||     3
       Beef jerky        |       |       |     1 |       ||     1
       Pizza             |       |       |     2 |       ||     2
       Bread ration      |       |       |     1 |       ||     1
Armor: Skin              |     2 |     6 |     5 |    19 ||    32
Dodge: Dodged            |    34 |   116 |   191 |   133 ||   474
